 Dungeon Crawl Stone Soup version 0.30-b1-2-g02819fbbbe (webtiles) character file.

Game seed: 2254610294700156448

73 Arum the Covered (level 4, -1/37 HPs)
             Began as a Formicid Fighter on May 12, 2023.
             Constricted to death by Natasha (6 damage)
             ... on level 2 of the Dungeon.
             The game lasted 00:01:09 (978 turns).

Arum the Covered (Formicid Fighter)                  Turns: 978, Time: 00:01:09

Health: -1/37      AC:  7    Str: 23    XL:     4   Next: 51%
Magic:  4/4        EV:  6    Int:  7    God:
Gold:   52         SH:  5    Dex: 13    Spells: 3/3 levels left

rFire   . . .        a - +0 quarterstaff
rCold   . . .        c - +0 buckler
rNeg    . . .        b - +0 scale mail
rPois   .            (helmet unavailable)
rElec   .            f - scarf {shadows}
rCorr   .            (no gloves)
SInv    +            (no boots)
Will    .....        (no amulet) Stlth
                     (no ring)
HPRegen 0.26/turn    (no ring)
MPRegen 0.09/turn

%: no passive effects
@: grasped by roots, constricted
A: permanent stasis, dig shafts and tunnels, antennae 3, four strong arms
a: Dig, Shaft Self


You were on level 2 of the Dungeon.
You visited 1 branch of the dungeon, and saw 2 of its levels.

You collected 52 gold pieces.

Inventory:

Hand Weapons
 a - a +0 quarterstaff (weapon)
Armour
 b - a +0 scale mail (worn)
 c - a +0 buckler (worn)
 f - a scarf of shadows (worn)
Scrolls
 h - a scroll of magic mapping
Potions
 d - a potion of might
 g - a potion of heal wounds {unknown}
 i - a potion of curing {unknown}


   Skills:
 + Level 4.1 Fighting
 + Level 3.0 Staves
 + Level 4.1 Armour
 - Level 4.0 Shields


You had 3 spell levels left.
You didn't know any spells.
Your spell library was empty.

Dungeon Overview and Level Annotations

Branches:
Dungeon (2/15)

Altars:

Annotations:
D:2 Natasha


Innate Abilities, Weirdness & Mutations

You cannot be hasted, slowed, berserked, paralysed or teleported.
You can dig through walls and to a lower floor.
You have a pair of large antennae on your head. (SInv)
Your four strong arms can wield two-handed weapons with a shield.


Message History

The magic dart hits you.
You barely miss Natasha. Natasha claws you!
Natasha zaps a wand.
The roots erupt in riotous growth!
The grasping roots grab you!
Natasha is unaffected.
The grasping roots constrict you.
You sock Natasha!
Natasha is almost dead.
Natasha claws you.
* * * LOW HITPOINT WARNING * * *
The grasping roots constrict you.
* * * LOW HITPOINT WARNING * * *
The grasping roots release their grip on you.
You sock Natasha!
You kill Natasha!
Natasha screams in fury as she dies!
Your Fighting skill increases to level 4!
Your Staves skill increases to level 3!
Your Armour skill increases to level 4!
You have reached level 4!
You feel stronger.
You start resting.
A kobold comes into view. It is wielding a +0 short sword.
You see here the felid corpse of Natasha.
You start resting.
You sense a monster nearby.
You hit the kobold.
You kill the kobold!
Natasha, Servant of Life and Death comes into view.
She is carrying a wand of roots (7).
Natasha hisses angrily.
Natasha zaps a wand.
The roots erupt in riotous growth!
The grasping roots grab you! The grasping roots constrict you.
* * * LOW HITPOINT WARNING * * *
Things that are here:
a +0 short sword; a kobold corpse
As you read the scroll labelled WAOMMA REEJ, it crumbles to dust.
It is a scroll of identify.
h - a scroll of magic mapping Natasha mumbles some strange words.
The grasping roots constrict you.
You die...

# #.# .###. ################.#
$... #
................>####..###.#
#.#####.#####.###....#.....
....[.........# #.......######
..#####.......###.h†..K.......
### #.#####.........#.##### #
#.# #.##.####.#.##### ## #.#
#.##@## #......... .# #.#
#.##..# #.#.#####. .# #.#
#.....# #.#.# .######.#
##.###.# #.#.# ........#
##...##.# #.#.#
#####..#.##.....#.# #.#.#
#####.###.........# #.#..
.##....#..#.....#####
....###.#.##.†.......


You could see Natasha.

Vanquished Creatures
  Natasha (twice) (D:2)
  A worm (D:2)
  2 endoplasms (D:1)
  A giant cockroach (D:1)
  2 goblins (D:1)
  4 hobgoblins
  2 quokkas (D:1)
  A ball python (D:1)
  2 bats (D:1)
  2 frilled lizards
  A kobold (D:2)
20 creatures vanquished.

Notes
Turn   | Place    | Note
-------+----------+-------------------------------------------
     0 | D:1      | Arum the Formicid Fighter began the quest for the Orb.
     0 | D:1      | Reached XP level 1. HP: 18/18 MP: 1/1
   157 | D:1      | Reached XP level 2. HP: 24/24 MP: 2/2
   874 | D:2      | Reached XP level 3. HP: 30/30 MP: 3/3
   885 | D:2      | Noticed Natasha
   909 | D:2      | Killed Natasha
   955 | D:2      | Noticed Natasha
   961 | D:2      | Killed Natasha
   962 | D:2      | Reached XP level 4. HP: 4/37 MP: 4/4
   977 | D:2      | Noticed Natasha
   978 | D:2      | Constricted to death by Natasha

Illustrated notes

Levels and vault maps discovered:
D:1:      sevenhm_arrival_forest_fort_small_6, layout_basic
D:2:      layout_loops_ring, uniq_natasha

Skill      XL: |  1  2  3 |
---------------+----------+-----
Fighting       | 4 |  4.1
Staves         | 3 |  3.0
Armour         | 4 |  4.1
Shields        | |  4.0

Action                     |  1- 3 |  4- 6 || total
---------------------------+-------+-------++-------
  Melee: Quarterstaff      |    57 |     1 ||    58
    Use: Scroll            |       |     1 ||     1
 Armour: Scale mail        |    22 |       ||    22
  Dodge: Dodged            |    23 |       ||    23
  Block: Buckler           |    13 |       ||    13
